 Dungeon Crawl Stone Soup version 0.29.1-1-gd02db6906a (webtiles) character file.

Game seed: 2102177070373950778

1911 LustLizard the Grappler (level 8, 0/81 HPs)
             Began as a Troll Fighter on Sept 18, 2022.
             Was an Initiate of Wu Jian.
             Slain by a gnoll
             ... wielding a +0 flail
             ... led by a gnoll sergeant
              (9 damage)
             ... on level 6 of the Dungeon.
             The game lasted 00:12:05 (4172 turns).

LustLizard the Grappler (Troll Fighter)             Turns: 4172, Time: 00:12:05

Health: 0/81       AC: -4    Str: 25    XL:     8   Next: 95%
Magic:  7/7        EV:  8    Int: 12    God:    Wu Jian [......]
Gold:   392        SH:  8    Dex:  9    Spells: 7/7 levels left

rFire   . . .      SeeInvis .     - Unarmed
rCold   . . .      Faith    .   b - +0 kite shield
rNeg    . . .      Spirit   .   a - +0 robe
rPois   .          Reflect  .   (helmet restricted)
rElec   .          Harm     .   d - scarf {+Inv}
rCorr   .          Rampage  .   (gloves unavailable)
Will    .....                   (boots unavailable)
Stlth   +.........              (no amulet)
HPRegen 1.03/turn               i - +6 ring of intelligence
MPRegen 0.10/turn               (no ring)

@: corroded
A: large, unfitting armour, claws 3, regeneration 1, shaggy fur 1, tough skin 1
a: Renounce Religion, Evoke Invisibility


You were on level 6 of the Dungeon.
You worshipped Wu Jian.
Wu Jian was noncommittal.
You visited 2 branches of the dungeon, and saw 7 of its levels.

You collected 392 gold pieces.

Inventory:

Hand Weapons
 A - a +3 whip of venom
Missiles
 n - 28 stones
 B - 4 javelins
 C - a poisoned dart (quivered)
Armour
 a - a +0 robe (worn)
 b - a +0 kite shield (worn)
 d - a scarf of invisibility (worn)
Jewellery
 i - a +6 ring of intelligence (left claw)
 p - a ring of wizardry
 t - a ring of ice
Wands
 D - a wand of paralysis (9)
Scrolls
 e - a scroll of torment {unknown}
 f - a scroll of amnesia {unknown}
 g - 2 scrolls of poison {unknown}
 o - 2 scrolls of noise {unknown}
 r - 2 scrolls of vulnerability {unknown}
 s - 3 scrolls of magic mapping {unknown}
 u - 2 scrolls of teleportation
 w - a scroll of brand weapon {unknown}
 x - a scroll of fear {unknown}
 y - 2 scrolls of enchant armour {unknown}
 z - a scroll of blinking {unknown}
 E - a scroll of summoning {unknown}
Potions
 c - a potion of might
 j - a potion of invisibility
 k - 2 potions of attraction
 l - 2 potions of curing
 m - 2 potions of lignification
 q - 2 potions of haste
 v - a potion of mutation


   Skills:
 + Level 5.4 Fighting
 - Level 2.4 Dodging
 + Level 5.9 Shields
 * Level 8.5 Unarmed Combat


You had 7 spell levels left.
You didn't know any spells.
Your spell library contained the following spells:

 Spells                   Type           Power      Damage    Failure   Level
 Foxfire                  Conj/Fire      0%         2x1d4     56%         1
 Conjure Flame            Conj/Fire      0%         6-21      91%         3
 Gell's Gravitas          Tloc           0%         N/A       91%         3
 Inner Flame              Hex/Fire       0%         N/A       91%         3
 Teleport Other           Tloc           0%         N/A       91%         3
 Flame Wave               Conj/Fire      0%         2d4       100%        4
 Dispersal                Tloc           0%         N/A       100%        6


Dungeon Overview and Level Annotations

Branches:
Dungeon (6/15)             Temple (1/1) D:5

Altars:
Ashenzari
Cheibriados
Dithmenos
Elyvilon
Fedhas
Gozag
Hepliaklqana
Nemelex Xobeh
Okawaru
Qazlal
Sif Muna
Trog
Uskayaw
Vehumet
Wu Jian
Xom
Yredelemnul
Zin
The Shining One

Annotations:
D:3 exclusion: downstairs


Innate Abilities, Weirdness & Mutations

You are too large for most types of armour.
You have claws for hands.
Your natural rate of healing is unusually fast.
You are covered in fur. (AC +1)
You have tough skin. (AC +1)


Message History

The Council accepts your kill. The gnoll hits you with a +0 flail!
* * * LOW HITPOINT WARNING * * *
The gnoll hits you with a +0 whip!
* * * LOW HITPOINT WARNING * * *
You block the gnoll's attack.
You feel much better. You block the gnoll's attack. x2
You feel yourself speed up.
The gnoll throws a stone.
The stone hits you. You block the gnoll's attack.
There is a stone staircase leading down, spattered with blood here.
You claw the gnoll!
The gnoll is severely wounded.
You barely miss the gnoll.
The gnoll is severely wounded.
You block the gnoll's attack. The gnoll hits you with a +0 whip.
You claw the gnoll!
You kill the gnoll!
The Council accepts your kill. The gnoll hits you with a +0 flail!
* * * LOW HITPOINT WARNING * * *
You claw the gnoll!
You kill the gnoll!
The Council accepts your kill. The gnoll hits you with a +0 flail.
* * * LOW HITPOINT WARNING * * *
You scratch the gnoll.
The gnoll is lightly wounded.
The gnoll barely misses you.
You scratch the gnoll.
The gnoll is lightly wounded.
The gnoll hits you with a +0 flail.
* * * LOW HITPOINT WARNING * * *
You barely miss the gnoll.
The gnoll is lightly wounded.
The gnoll hits you with a +0 flail!
* * * LOW HITPOINT WARNING * * *
You closely miss the gnoll.
The gnoll is lightly wounded.
The gnoll hits you with a +0 flail!
You die...

#......'..##..##..)
.#.....(#......#..#...##...
........##....##..#...'....
....#g.(#####'##..#...#....
........#.....#...#.)z##...
#....gg#.....#...#...##.>.
#.....#.....#...#....#...
#.....#.....#...#....#...
#....##@...##..#...##...
#....##)g..##..#...##...
#.....)........#...#....
#..............#...+....
#..............#...##...
#........).....#...##'##
#..............#........
#...............#....)...
...).............#........


You could see a gnoll.

Vanquished Creatures
  Prince Ribbit (D:6)
  A wraith (D:6)
  Edmund (D:5)
  2 black bears (D:6)
  A sky beast (D:6)
  A phantom (D:4)
  Blork the orc (D:4)
  A gnoll sergeant (D:6)
  2 scorpions
  A bullfrog (D:5)
  5 wights (D:6)
  A howler monkey (D:6)
  2 hounds (D:6)
  A jelly (D:4)
  A gnoll bouda (D:5)
  2 iguanas (D:6)
  18 gnolls
  6 adders
  An ufetubus (D:5)
  4 worms
  The ghost of TheBeaver the Sneak, a weakling DsDe (D:5)
  2 dart slugs
  2 orcs
  9 ball pythons
  4 endoplasms
  11 giant cockroaches
  4 goblins
  8 hobgoblins
  6 jackals
  3 quokkas
  5 bats
  5 frilled lizards
  7 kobolds
  5 rats
125 creatures vanquished.

Notes
Turn   | Place    | Note
-------+----------+-------------------------------------------
     0 | D:1      | LustLizard the Troll Fighter began the quest for the Orb.
     0 | D:1      | Reached XP level 1. HP: 22/22 MP: 0/0
   321 | D:1      | Found a faded altar of an unknown god.
   391 | D:1      | Reached XP level 2. HP: 29/29 MP: 1/1
   687 | D:2      | Found a hide-covered altar of Uskayaw.
   714 | D:2      | Reached skill level 3 in Unarmed Combat
   714 | D:2      | Reached XP level 3. HP: 33/36 MP: 2/2
   910 | D:2      | Reached XP level 4. HP: 44/44 MP: 3/3
  1536 | D:3      | Reached XP level 5. HP: 53/53 MP: 4/4
  1612 | D:3      | Reached skill level 4 in Unarmed Combat
  1988 | D:4      | Noticed a phantom
  2210 | D:4      | Reached XP level 6. HP: 61/61 MP: 5/5
  2357 | D:4      | Reached skill level 5 in Unarmed Combat
  2489 | D:4      | Noticed Blork the orc
  2500 | D:4      | Killed Blork the orc
  2662 | D:5      | Entered Level 5 of the Dungeon
  2722 | D:5      | Reached XP level 7. HP: 44/68 MP: 6/6
  2817 | D:5      | Noticed Edmund
  2829 | D:5      | Killed Edmund
  2830 | D:5      | Reached skill level 6 in Unarmed Combat
  2963 | D:5      | Found a runed translucent door.
  2964 | D:5      | Noticed TheBeaver's ghost (weakling DsDe)
  2974 | D:5      | Killed TheBeaver's ghost
  3073 | D:5      | Found a staircase to the Ecumenical Temple.
  3159 | Temple   | Entered the Ecumenical Temple
  3228 | Temple   | Became a worshipper of the Wu Jian Council
  3748 | D:6      | Reached XP level 8. HP: 79/79 MP: 7/7
  3769 | D:6      | Noticed Prince Ribbit
  3801 | D:6      | Killed Prince Ribbit
  3802 | D:6      | Reached skill level 5 in Shields
  3802 | D:6      | Reached skill level 7 in Unarmed Combat
  3950 | D:6      | Reached skill level 5 in Fighting
  4087 | D:6      | Reached skill level 8 in Unarmed Combat
  4172 | D:6      | Slain by a gnoll

Illustrated notes

Levels and vault maps discovered:
D:1:      tarquinn_simple_flora_water_e, layout_basic,
          ebering_ecumenical_altar_hall
D:2:      minmay_roachtagon, layout_basic, basic_altar, minmay_quadrilaterals
D:3:      layout_rooms, minmay_diced_spiral
D:4:      layout_basic, minmay_misc_feat_four_crosses, uniq_blork_the_orc
D:5:      layout_loops_cross, minmay_temple_entry_statues_pillars,
          gammafunk_ghost_grave, kennysheep_crisscross, uniq_edmund
D:6:      layout_gridville, minmay_fire_ice_demons, uniq_prince_ribbit1
Temple:   compressed_dpeg_triangle_lava_temple

Skill      XL: |  1  2  3  4  5  6  7  8 |
---------------+-------------------------+-----
Shields        | 3 4 5 |  5.9
Unarmed Combat | 3 4 5 6 8 |  8.5
Fighting       | 3 4 5 |  5.4
Dodging        | |  2.4

Action                   |  1- 3 |  4- 6 |  7- 9 || total
-------------------------+-------+-------+-------++-------
Melee: Unarmed           |    93 |   179 |   113 ||   385
Throw: Dart              |     3 |     3 |     8 ||    14
       Stone             |     2 |     1 |    11 ||    14
Invok: Lunge             |       |       |    14 ||    14
  Use: Scroll            |       |     5 |     3 ||     8
       Potion            |       |       |     2 ||     2
 Stab: Sleeping          |     1 |     1 |       ||     2
Armor: Robe              |    21 |    52 |    12 ||    85
Dodge: Dodged            |    23 |    61 |    16 ||   100
Block: Kite shield       |    34 |    61 |    21 ||   116
